 Dungeon Crawl Stone Soup version 0.19.0-11-g3fc08b3 (webtiles) character file.

37 Lochraine the Shooter (level 3, 0/28 HPs)
             Began as a Centaur Arcane Marksman on Nov 8, 2016.
             Slain by a goblin (1 damage)
             ... on level 2 of the Dungeon.
             The game lasted 00:03:56 (1445 turns).

Lochraine the Shooter (Centaur Arcane Marksman)     Turns: 1445, Time: 00:03:57

Health: 0/28       AC:  7    Str: 13    XL:     3   Next: 21%
Magic:  5/5        EV:  8    Int: 12    God:
Gold:   0          SH:  0    Dex:  9    Spells: 2 memorised, 1 level left

rFire  . . .     SeeInvis .     a - +0 shortbow
rCold  . . .     Gourm    .     i - +1 ring mail
rNeg   . . .     Faith    .     (shield currently unavailable)
rPois  .         Spirit   .     (no helmet)
rElec  .         Reflect  .     (no cloak)
rCorr  .         Harm     .     l - +0 pair of gloves
MR     .....                    (no barding)
Stlth  ..........               (no amulet)
                                (no ring)
                                (no ring)

@: lethally poisoned (0 -> -10), very slightly contaminated, very quick
A: hooves 3, deformed body, speed 2, tough skin 3
a: no special abilities


You were on level 2 of the Dungeon.
You were not hungry.

You visited 1 branch of the dungeon, and saw 2 of its levels.

Inventory:

Hand Weapons
 a - a +0 shortbow (weapon)
 b - a +0 whip
Missiles
 d - 16 arrows (quivered)
Armour
 e - a +0 robe
 i - a +1 ring mail (worn)
 l - a +0 pair of gloves (worn)
Scrolls
 j - a scroll of enchant armour
Books
 c - a book of Debilitation

   Spells                             Type                      Level
   a - Corona                         Hexes                        1
   b - Slow                           Hexes                        2
   c - Gell's Gravitas                Hexes/Translocation          3
   d - Inner Flame                    Hexes/Fire                   3
   e - Cause Fear                     Hexes                        4
   f - Leda's Liquefaction            Hexes/Earth                  4
Comestibles
 f - a bread ration
 g - a chunk of flesh


   Skills:
 - Level 1.0 Fighting
 + Level 3.3 Bows
 - Level 1.8 Dodging
 + Level 1.4 Spellcasting
 + Level 3.0 Hexes


You had one spell level left.
You knew the following spells:

 Your Spells              Type           Power        Failure   Level  Hunger
a - Corona                Hex            #......      21%         1    ##.....
b - Slow                  Hex            #.......     34%         2    ###....


Dungeon Overview and Level Annotations

Branches:
Dungeon (2/15)

Altars:


Innate Abilities, Weirdness & Mutations

You have hooves in place of feet.
Armour fits poorly on your strangely shaped body.
You cover ground very quickly.
You have extremely tough skin. (AC +3)


Message History

* * * LOW HITPOINT WARNING * * *
You feel sick.
As you read the scroll labeled QOANIRUEFU, it crumbles to dust.
It is a scroll of identify.
k - a scroll of blinking
* * * LOW HITPOINT WARNING * * *
You feel sick. The adder bites you but does no damage.
Blink to where?
Press: ? - help, Dir - move target cursor, p - adder You are very lightly contaminated with residual magic.
As you read the scroll of blinking, it crumbles to dust.
A goblin and a hobgoblin come into view.
* * * LOW HITPOINT WARNING * * *
You feel sick.
The goblin shouts!
An adder comes into view.
The goblin hits you but does no damage.
* * * LOW HITPOINT WARNING * * *
You feel sick. The goblin hits you.
You die...

....##.# ####.)..
.>....# #...... #....#
#..... #....#
##....######....##.
##......S..>....(...
#####........####....#.#
............# #.......
#@g..# ####....#.#
#.g..###..(....#.l
##.####...#....# #
#....#.S###.###
####l..ยง# #..#
#.....####..# #......#
#.# #...####.# .. # #..#
#.# ..


You could see an adder, a hobgoblin and a goblin.

Vanquished Creatures
  An adder (D:2)
  2 dart slugs (D:1)
  A giant cockroach (D:1)
  A goblin (D:1)
  5 hobgoblins (D:1)
  A quokka (D:2)
  A ball python (D:1)
  2 bats (D:1)
  A frilled lizard (D:1)
  4 kobolds
  5 rats (D:1)
  A plant (D:1)
25 creatures vanquished.

Notes
Turn   | Place    | Note
-------+----------+-------------------------------------------
     0 | D:1      | Lochraine the Centaur Arcane Marksman began the quest for the Orb.
     0 | D:1      | Reached XP level 1. HP: 16/16 MP: 2/2
     2 | D:1      | Noticed a formicid
     2 | D:1      | Noticed a troll
     4 | D:1      | Noticed a naga
     4 | D:1      | Noticed a spriggan
     6 | D:1      | Noticed a vampire
     6 | D:1      | Noticed an elf
    10 | D:1      | Noticed a dwarf
    12 | D:1      | Noticed a halfling
    12 | D:1      | Noticed a merfolk
    14 | D:1      | Noticed a draconian
    14 | D:1      | Noticed a felid
    16 | D:1      | Noticed a gargoyle
    16 | D:1      | Noticed a ghoul
    18 | D:1      | Noticed a demigod
    18 | D:1      | Noticed a human
    20 | D:1      | Noticed a vine stalker
    20 | D:1      | Noticed a tengu
    22 | D:1      | Noticed a demonspawn
    22 | D:1      | Noticed a centaur
    25 | D:1      | Noticed a minotaur
    27 | D:1      | Noticed an octopode
    27 | D:1      | Noticed an ogre
   434 | D:1      | Reached XP level 2. HP: 23/23 MP: 3/3
   974 | D:1      | Learned a level 2 spell: Slow
  1383 | D:2      | Reached XP level 3. HP: 28/28 MP: 3/5
  1445 | D:2      | HP: 1/28 [poisoned by an adder]
  1445 | D:2      | Slain by a goblin

Skill      XL: |  1  2 |
---------------+-------+-----
Bows           | 3 |  3.3
Hexes          | 3 |  3.0
Fighting       | |  1.0
Dodging        | |  1.8
Spellcasting   | |  1.4

Action                   || total
-------------------------++-------
Melee: Whip              ||   117
       Kick              ||    27
 Fire: Shortbow          ||    53
  Use: Scroll            ||     3
  Eat: Chunk             ||     1
Armor: Robe              ||    11
       Ring mail         ||    47
Dodge: Dodged            ||    43
